 Dungeon Crawl Stone Soup version 0.28.0-45-g0d030f2227 (webtiles) character file.

Game seed: 5123561515643366395

42 zeratav the Insei (level 3, 0/23 HPs)
             Began as an Octopode Transmuter on Apr 9, 2022.
             Slain by a jackal (2 damage)
             ... on level 2 of the Dungeon.
             The game lasted 00:02:13 (1645 turns).

zeratav the Insei (Octopode Transmuter)             Turns: 1645, Time: 00:02:13

Health: 0/23       AC:  1    Str:  9    XL:     3   Next: 56%
Magic:  6/6        EV: 13    Int: 15    God:
Gold:   23         SH:  0    Dex: 14    Spells: 5/6 levels left

rFire   . . .      SeeInvis .     - Unarmed
rCold   . . .      Faith    .   (no shield)
rNeg    . . .      Spirit   .   (helmet currently unavailable)
rPois   .          Reflect  .   (no amulet)
rElec   .          Harm     .   (no ring)
rCorr   .          Rampage  .   (no ring)
Will    .....                   (no ring)
Stlth   +++.......              (no ring)
HPRegen 0.07/turn               (no ring)
MPRegen 0.10/turn               (no ring)
                                (no ring)
                                (no ring)

@: appendages (expiring)
A: tentacle spike 3, almost no armour, amphibious, 8 rings, camouflage 1,
gelatinous body 1, (nimble swimmer 1), tentacles
a: End Transformation


You were on level 2 of the Dungeon.
One of your tentacles had grown a beastly spike.
You visited 1 branch of the dungeon, and saw 2 of its levels.

You collected 23 gold pieces.


Innate Abilities, Weirdness & Mutations

One of your tentacles has grown a beastly spike.
You cannot wear most types of armour.
You are amphibious.
You can wear up to eight rings at the same time.
Your skin changes colour to match your surroundings (Stealth+).
Your rubbery body absorbs attacks. (AC +1, EV +1)
((You are camouflaged when in or above water. (Stealth+)))
You have tentacles for arms and can constrict up to eight enemies at once.


   Skills:
 + Level 1.6 Fighting
 + Level 2.4 Dodging
 + Level 1.7 Stealth
 * Level 3.6 Unarmed Combat
 - Level 2.0 Spellcasting
 - Level 2.0 Transmutations


You had 5 spell levels left.
You knew the following spells:

 Your Spells              Type           Power      Damage    Failure   Level
a - Beastly Appendage     Tmut           14%        N/A       10%         1

Your spell library contained the following spells:

 Spells                   Type           Power      Damage    Failure   Level
 Wereblood                Tmut           7%         N/A       14%         2
 Spider Form              Tmut/Pois      4%         N/A       41%         3
 Ice Form                 Ice/Tmut       4%         N/A       82%         4

Inventory:

Scrolls
 b - 2 scrolls of identify {unknown}
 d - a scroll of brand weapon {unknown}
 e - a scroll of torment {unknown}
Potions
 a - 2 potions of heal wounds {unknown}
 c - a potion of berserk rage {unknown}

Dungeon Overview and Level Annotations

Branches:
Dungeon (2/15)

Altars:

....# # #.#.## ###.##
##. #<#..
#..######..###...#####
##.......... .8..#....
#..###.##......#.....
###'### ....#........
###.....# #.†........
..#.....# #Kh......
.##.....# #@#......
.##.(...# #.# .....
###.#.#.########.#
....
....#.#......##..# ...
..##≈.≈##....#..## ..
.............'.## .
).##§.≈##....#.#
....#.#......#.#
###.#.#.######..


You could see a jackal and a kobold.


Message History

You tentacle-slap the worm.
You pierce the worm.
You constrict the worm.
HP[+1]
You tentacle-slap the worm.
You kill the worm!
No target in view!
No target in view!
No target in view!
No target in view!
Your transformation is almost over.
Your tentacle spike disappears.
A jackal comes into view.
HP[+3] MP[+1]
You regained 3 hp, and now have 19/23 hp.
Your mp is fully restored (6).
A jackal is nearby!
One of your tentacles grows a vicious spike.
MP[-1]
You lost 1 mp, and now have 5/6 mp.
You tentacle-slap the jackal. Your grab misses the jackal.
You squeeze the jackal.
You kill the jackal!
No target in view!
No target in view!
No target in view!
No target in view!
No target in view!
No target in view!
No target in view!
No target in view!
No target in view!
No target in view!
No target in view!
No target in view!
No target in view!
No target in view!
No target in view!
No target in view!
Your transformation is almost over.
Your tentacle spike disappears.
You open the door.
There is an open door here.
A kobold comes into view. It is wielding a +0 dagger.
HP[+4] MP[+1]
Your hp is fully restored (23).
Your mp is fully restored (6).
One of your tentacles grows a vicious spike.
The kobold shouts!
MP[-1]
You lost 1 mp, and now have 5/6 mp.
A jackal comes into view.
The jackal barks!
The jackal moves out of view.
Found an escape hatch in the ceiling.
A bat comes into view.
The kobold hits you with a +0 dagger.
HP[-2]
You take 2 damage, and now have 21/23 hp.
You closely miss the kobold. Your grab misses the kobold.
Your squeeze misses the kobold. The kobold hits you with a +0 dagger.
HP[-2]
You take 2 damage, and now have 19/23 hp.
You tentacle-slap the kobold but do no damage.
Your grab misses the kobold.
Your transformation is almost over.
The jackal bites you. The bat hits you. The kobold barely misses you.
You barely miss the bat. Your grab misses the bat.
You pierce the bat, but do no damage.
You squeeze the bat. The bat barely misses you. The jackal barely misses you.
The bat hits you. The jackal bites you. The bat barely misses you.
The kobold misses you.
You barely miss the bat. You grab the bat. You constrict the bat.
The bat misses you. The jackal bites you.
You tentacle-slap the bat.
You kill the bat!
The kobold hits you with a +0 dagger.
* * * LOW HITPOINT WARNING * * *
The jackal completely misses you.
You tentacle-slap the kobold but do no damage.
You grab the kobold.
You pierce the kobold.
You constrict the kobold. The jackal bites you.
* * * LOW HITPOINT WARNING * * *
The kobold hits you with a +0 dagger.
* * * LOW HITPOINT WARNING * * *
The jackal bites you.
* * * LOW HITPOINT WARNING * * *
You are too injured to fight recklessly!
You are too injured to fight recklessly!
You are too injured to fight recklessly!
HP[-17] MP[+1]
You take 17 damage, and now have 2/23 hp.
MASSIVE DAMAGE!! (PAUSE)
Your mp is fully restored (6).
You are too injured to fight recklessly!
You are too injured to fight recklessly!
You are too injured to fight recklessly!
You are too injured to fight recklessly!
You are too injured to fight recklessly!
You are too injured to fight recklessly!
You are too injured to fight recklessly!
You are too injured to fight recklessly!
You release your grip on the kobold.
The jackal bites you.
You die...

Skill      XL: |  1  2 |
---------------+-------+-----
Stealth        | 1 |  1.7
Fighting       | |  1.6
Dodging        | |  2.4
Unarmed Combat | |  3.6
Spellcasting   | |  2.0
Transmutations | |  2.0

Action                   || total
-------------------------++-------
Melee: Unarmed           ||    77
       Constrict         ||    22
       Tentacles         ||    18
       Punch             ||     4
       Kick              ||    10
 Cast: Beastly Appendage ||    21
 Stab: Sleeping          ||     9
Armor: Skin              ||    10
Dodge: Dodged            ||    43

Levels and vault maps discovered:
D:1:      erik_arrival_orb_chamber, layout_loops_ring,
          ebering_ecumenical_altar_webs
D:2:      layout_rooms, serial_shops, shop_statue, kennysheep_minor_cross

Notes
Turn   | Place    | Note
-------+----------+-------------------------------------------
     0 | D:1      | zeratav the Octopode Transmuter began the quest for the
                  | Orb.
     0 | D:1      | Reached XP level 1. HP: 13/13 MP: 3/3
     0 | D:1      | magus.rc [v1.9.6]
    65 | D:1      | Reached XP level 2. HP: 11/18 MP: 5/5
   212 | D:1      | Reached skill level 1 in Stealth
   471 | D:1      | Found a faded altar of an unknown god.
   725 | D:1      | Reached XP level 3. HP: 23/23 MP: 4/6
  1644 | D:2      | HP: 4/23 [kobold/+0 dagger (3)]
  1645 | D:2      | Slain by a jackal

Vanquished Creatures
  A worm (D:2)
  A dart slug (D:1)
  3 ball pythons (D:1)
  6 bats
  2 endoplasms (D:1)
  4 goblins
  3 hobgoblins
  5 jackals
  2 kobolds (D:1)
  A quokka (D:1)
  A frilled lizard (D:1)
  6 rats
35 creatures vanquished.

Table legend:
 A = Non-vault XP
 B = Vault XP
 C = Vault XP percentage of total XP
 D = Non-vault monster count
 E = Vault monster count
 F = Vault count percentage of total count
                 A         B        C        D         E       F
            +---------+---------+-------+---------+---------+-------
      Total |      61 |       0 |   0.0 |      35 |       0 |   0.0
            +---------+---------+-------+---------+---------+-------
        D:1 |      48 |       0 |   0.0 |      29 |       0 |   0.0
        D:2 |      13 |       0 |   0.0 |       6 |       0 |   0.0
            +---------+---------+-------+---------+---------+-------

Illustrated notes

Table legend:
 A = Kills in this place as a percentage of kills in entire the game.
 B = Kills by you in this place as a percentage of kills by you in the entire game.
 C = Kills by friends in this place as a percentage of kills by friends in the entire game.
 D = Other kills in this place as a percentage of other kills in the entire game.
 E = Experience gained in this place as a percentage of experience gained in the entire game.
 F = Experience gained in this place divided by the number of levels of this place that you have seen.
                   A       B       C       D       E      F
               +-------+-------+-------+-------+-------+----------------------
         Total | 100.0 | 100.0 |   N/A |   N/A | 100.0 |  30.5
       Dungeon | 100.0 | 100.0 |   N/A |   N/A | 100.0 |  30.5
               +-------+-------+-------+-------+-------+----------------------

Table legend: (Time is in decaauts)
 A = Elapsed time spent in this place.
 B = Non-inter-level travel time spent in this place.
 C = Inter-level travel time spent in this place.
 D = Time resting spent in this place.
 E = Time spent auto-exploring this place.
 F = Levels seen in this place.
 G = Mean time per level.
                   A        B        C        D        E       F      G
               +--------+--------+--------+--------+--------+-----+--------+
         Total |   1640 |   1592 |     48 |      0 |   1387 |   2 |  820.0 |
       Dungeon |   1640 |   1592 |     48 |      0 |   1387 |   2 |  820.0 |
               +--------+--------+--------+--------+--------+-----+--------+

Top non-repeatable levels by time:
     D:1: 1321 daAuts
     D:2: 318 daAuts
